[Event "Titled Tuesday Blitz February 21 Late 2023"]
[White "Li, Hui"]
[Black "Buscar, Michael"]
[WhiteFideId "15400310"]
[BlackFideId "2603616"]
[WhiteElo "1963"]
[BlackElo "2041"]
[Result "0-1"]
[Round "11"]
[TimeControl "180+2"]
[Date "2023.02.21"]
[WhiteClock "0:01:38"]
[BlackClock "0:02:09"]

1. e4 c6 2. d4 d6 3. Nd2 Nf6 4. c3 e5 5. Ngf3 Bg4 6. Be2 Nbd7 7. O-O Be7 8. h3 Bh5 9. Re1 O-O 10. Qc2 Qc7 11. Nf1 Rfe8 12. Ng3 Bg6 13. dxe5 Nxe5 14. Nh4 d5 15. Nxg6 Nxg6 16. exd5 Nxd5 17. Bd2 Bc5 18. Bd3 Qxg3 19. b4 Bxf2+ 20. Kf1 Rxe1+ 21. Bxe1 Ne3+ 22. Ke2 Nf4+ 23. Kd2 Bxe1+ 0-1


[Site "https://www.chess.com"]

[Event "Titled Tuesday Blitz February 21 Late 2023"]
[White "Kujawski, Adam"]
[Black "De Souza, Cristiano Gomes"]
[WhiteFideId "1100920"]
[BlackFideId "2151758"]
[WhiteElo "2173"]
[BlackElo "2018"]
[Result "0-1"]
[Round "11"]
[TimeControl "180+2"]
[Date "2023.02.21"]
[WhiteClock "0:00:05"]
[BlackClock "0:00:43"]

1. e4 c5 2. Nf3 d6 3. d4 cxd4 4. Nxd4 Nf6 5. Nc3 a6 6. Bg5 e6 7. f4 Be7 8. Qf3 h6 9. Bh4 g5 10. fxg5 Nfd7 11. Bf2 Ne5 12. Qe2 hxg5 13. O-O-O Nbc6 14. Nb3 Bd7 15. g3 a5 16. a4 Nb4 17. Kb1 Bc6 18. Bg2 Qc7 19. Nb5 Bxb5 20. Qxb5+ Kf8 21. c3 Nbc6 22. Bb6 Qc8 23. h4 gxh4 24. gxh4 Kg7 25. Rdg1 Rxh4 26. Rxh4 Bxh4 27. Qe2 Ng6 28. Bh3 Ne5 29. Nd4 Qc4 30. Qg2 Qxa4 31. Bxe6 fxe6 32. Nxe6+ Kf7 33. Qh3 Qb5 34. Qf5+ Bf6 35. Rxg6 Nxg6 36. Bd4 Qxf5 37. exf5 0-1


[Site "https://www.chess.com"]

[Event "Titled Tuesday Blitz February 21 Late 2023"]
[White "Huang, Alex"]
[Black "Jenkins, Drake"]
[WhiteFideId "4302508"]
[BlackFideId "2022397"]
[WhiteElo "2009"]
[BlackElo "2130"]
[Result "0-1"]
[Round "11"]
[TimeControl "180+2"]
[Date "2023.02.21"]
[WhiteClock "0:00:07"]
[BlackClock "0:00:05"]

1. d4 Nf6 2. Bf4 c5 3. e3 g6 4. Nf3 Bg7 5. c4 cxd4 6. exd4 O-O 7. Nc3 d5 8. Be2 dxc4 9. Ne5 Be6 10. O-O Nc6 11. Nxc6 bxc6 12. Be5 Qa5 13. Qc2 Rfd8 14. Rfd1 c5 15. Bf3 cxd4 16. Bxd4 Rac8 17. a3 Bf5 18. Qe2 Bd3 19. Qe3 Ng4 20. Bxg4 Bxd4 21. Qf4 e5 22. Qg3 Qb6 23. Rd2 Rb8 24. Re1 Qb3 25. h4 Bxc3 26. bxc3 Qxc3 27. Qxe5 Qxd2 28. h5 Rb1 29. h6 Rxe1+ 0-1


[Site "https://www.chess.com"]

[Event "Titled Tuesday Blitz February 21 Late 2023"]
[White "Wang, Alexander J"]
[Black "Melikyan, Gnel"]
[WhiteFideId "30955270"]
[BlackFideId "54109990"]
[WhiteElo "1815"]
[BlackElo "2238"]
[Result "1/2-1/2"]
[Round "11"]
[TimeControl "180+2"]
[Date "2023.02.21"]
[WhiteClock "0:00:17"]
[BlackClock "0:00:18"]

1. e4 a6 2. d4 b5 3. Nf3 Bb7 4. Bd3 e6 5. c3 c5 6. Bf4 Nc6 7. O-O Nf6 8. Nbd2 Qb6 9. Be3 cxd4 10. cxd4 d5 11. e5 Ng4 12. a3 Be7 13. h3 Nxe3 14. fxe3 f5 15. exf6 Bxf6 16. Nb3 e5 17. Nc5 e4 18. Bxe4 dxe4 19. Nxe4 O-O 20. Nc5 Rfe8 21. Qd3 Rad8 22. Rac1 Na5 23. b3 Ba8 24. e4 Nb7 25. b4 Nxc5 26. bxc5 Qe6 27. Rfe1 Bxe4 28. Qe3 Qd5 29. c6 Bxf3 30. Qxe8+ Rxe8 31. Rxe8+ Kf7 32. c7 Qxd4+ 33. Kh1 Bxg2+ 34. Kxg2 Qd2+ 35. Kf3 Qxc1 36. c8=Q Qxa3+ 37. Kg2 Qb2+ 38. Kf1 Qa1+ 39. Kg2 Qa2+ 40. Kh1 Qd5+ 41. Kg1 Qd1+ 42. Kg2 Qd2+ 43. Kf1 Qf4+ 44. Kg2 Qc4 45. Qd7+ Kg6 46. Re3 h6 47. Rg3+ Kh7 48. Qf5+ Kh8 49. Re3 Qf7 50. Qc8+ Kh7 51. Qf5+ Qg6+ 52. Qxg6+ Kxg6 53. Re6 a5 54. Ra6 a4 55. Rb6 a3 56. Rxb5 a2 57. Ra5 a1=Q 58. Rxa1 Bxa1 59. Kf3 Bf6 60. Kg4 h5+ 61. Kg3 Kg5 62. h4+ Kf5 63. Kh3 Kf4 64. Kg2 Bxh4 65. Kh3 Bf6 66. Kg2 g5 67. Kh3 g4+ 68. Kg2 h4 69. Kh2 Kf3 70. Kh1 g3 71. Kg1 h3 72. Kf1 g2+ 73. Ke1 Bg5 74. Kd1 g1=Q+ 75. Kc2 Qc5+ 76. Kd3 h2 1/2-1/2


[Site "https://www.chess.com"]

[Event "Titled Tuesday Blitz February 21 Late 2023"]
[White "Yedidia, Daniel"]
[Black "Mendez Machado, Andre"]
[WhiteFideId "30905907"]
[BlackFideId "6603793"]
[WhiteElo "2041"]
[BlackElo "1974"]
[Result "1-0"]
[Round "11"]
[TimeControl "180+2"]
[Date "2023.02.21"]
[WhiteClock "0:00:10"]
[BlackClock "0:00:01"]

1. d4 Nf6 2. c4 e6 3. Nc3 Bb4 4. e3 b6 5. Bd3 Bb7 6. f3 c5 7. Ne2 O-O 8. O-O cxd4 9. exd4 d5 10. cxd5 Nxd5 11. Kh1 Nxc3 12. bxc3 Bd6 13. Qc2 Qh4 14. g3 Qh3 15. Nf4 Bxf4 16. Bxf4 Nc6 17. Qg2 Qxg2+ 18. Kxg2 Rac8 19. Rac1 Na5 20. c4 Rfd8 21. Rfd1 Ba6 22. c5 Bxd3 23. Rxd3 bxc5 24. Ra3 Nc6 25. dxc5 e5 26. Be3 f6 27. Rb1 Rd7 28. Kf2 Rcd8 29. Ra6 Rc7 30. Rb2 Ne7 31. Rb5 Nd5 32. Bd2 Rdc8 33. Raa5 Kf7 34. a3 Ne7 35. Bb4 Nc6 36. Ra6 Nb8 37. Rd6 Nc6 38. Ba5 Re7 39. Bd2 Nd4 40. Ra5 Nb3 41. Rb5 Nxc5 42. Bb4 Rec7 43. Bxc5 Rxc5 44. Rxc5 Rxc5 45. Rd7+ Kg6 46. Rxa7 Rc2+ 47. Kg1 Rc1+ 48. Kg2 Rc2+ 49. Kh3 Ra2 50. Ra6 Kg5 51. Ra4 h5 52. Ra8 Kh6 53. g4 hxg4+ 54. fxg4 Kg5 55. Ra4 g6 56. Kg3 Kh6 57. h4 Ra1 58. Ra8 Rg1+ 59. Kh3 Rh1+ 60. Kg3 Rg1+ 61. Kf3 Rf1+ 62. Kg2 Ra1 63. Ra6 Ra2+ 64. Kg3 Ra1 65. Rxf6 Rxa3+ 66. Kf2 Ra2+ 67. Kf3 Ra3+ 68. Kg2 Ra2+ 69. Kg3 Ra3+ 70. Rf3 Ra4 71. Re3 e4 72. Kf4 Ra1 73. Rxe4 Rh1 74. Re8 Kg7 75. Kg3 1-0


[Site "https://www.chess.com"]

[Event "Titled Tuesday Blitz February 21 Late 2023"]
[White "Novikov, Evgenij"]
[Black "Stanisz, Patryk"]
[WhiteFideId "4125380"]
[BlackFideId "1123106"]
[WhiteElo "2276"]
[BlackElo "2161"]
[Result "1-0"]
[Round "11"]
[TimeControl "180+2"]
[Date "2023.02.21"]
[WhiteClock "0:00:14"]
[BlackClock "0:00:03"]

1. d4 d5 2. c4 c6 3. Nf3 Nf6 4. Nc3 e6 5. b3 Bd6 6. e3 b6 7. Bd3 Bb7 8. O-O Nbd7 9. e4 dxe4 10. Nxe4 Nxe4 11. Bxe4 Nf6 12. Bc2 h6 13. h3 Qe7 14. Re1 O-O-O 15. Qe2 g5 16. Ne5 Rhg8 17. g3 c5 18. dxc5 Bxc5 19. Be3 Kb8 20. Rad1 Rg7 21. Bxc5 bxc5 22. Qe3 Rgg8 23. Bd3 Rd4 24. Bf1 Rgd8 25. Rxd4 cxd4 26. Qd3 Qc7 27. Bg2 Bxg2 28. Kxg2 h5 29. Qf3 Ne8 30. Nc6+ Kc8 31. Nxd8 Kxd8 32. Qxh5 Qc6+ 33. Qf3 Qd7 34. Qd3 f6 35. f4 gxf4 36. gxf4 Qc6+ 37. Kf2 Qd6 38. Re4 e5 39. fxe5 fxe5 40. Rh4 Nf6 41. Ke2 e4 42. Rxe4 Qh2+ 43. Kd1 Nxe4 44. Qxe4 Qxh3 45. Qxd4+ Kc7 46. Qxa7+ Kc6 47. Qf2 Kc7 48. Kc2 Qh1 49. Kb2 Qa1+ 50. Kxa1 1-0


[Site "https://www.chess.com"]

[Event "Titled Tuesday Blitz February 21 Late 2023"]
[White "Sabar, Ethmane Daouda"]
[Black "Karwowski, Kacper"]
[WhiteFideId "19600097"]
[BlackFideId "1126032"]
[WhiteElo "2040"]
[BlackElo "2164"]
[Result "1/2-1/2"]
[Round "11"]
[TimeControl "180+2"]
[Date "2023.02.21"]
[WhiteClock "0:01:16"]
[BlackClock "0:00:18"]

1. b3 d5 2. Bb2 Nf6 3. e3 c5 4. f4 Nc6 5. Bb5 Bd7 6. Bxc6 Bxc6 7. Nf3 e6 8. Ne5 Rc8 9. O-O Be7 10. d3 a6 11. Nd2 b5 12. Ndf3 O-O 13. Nxc6 Rxc6 14. Ne5 Rc7 15. Rf3 c4 16. Qe1 g6 17. g4 Qc8 18. g5 Nh5 19. Rh3 cxd3 20. cxd3 Rc2 21. Rb1 Qc7 22. Ng4 Rc8 23. Be5 Qc6 24. Rd1 Rc1 25. Rf3 Rxd1 26. Qxd1 Qc1 27. Qxc1 Rxc1+ 28. Rf1 Rc2 29. Rf2 Rc1+ 30. Rf1 Rc2 31. Rf2 Rc1+ 32. Rf1 1/2-1/2


[Site "https://www.chess.com"]

[Event "Titled Tuesday Blitz February 21 Late 2023"]
[White "Michalski, Olaf"]
[Black "ArturoCaceres"]
[WhiteFideId "1106740"]
[WhiteElo "2273"]
[BlackElo "2405"]
[Result "0-1"]
[Round "11"]
[TimeControl "180+2"]
[Date "2023.02.21"]
[WhiteClock "0:00:02"]
[BlackClock "0:01:42"]

1. d4 c5 2. d5 e6 3. Nc3 Nf6 4. e4 a6 5. a4 d6 6. Bc4 exd5 7. Nxd5 Nxd5 8. Bxd5 Nc6 9. Qh5 g6 10. Qf3 Ne5 11. Qb3 Qc7 12. f4 Nc6 13. c3 Bg7 14. Nf3 Bg4 15. Ng5 O-O 16. h3 Bc8 17. O-O h6 18. Nf3 Bd7 19. Be3 Rae8 20. Bf2 Be6 21. Rad1 Bxd5 22. Qxd5 Rd8 23. Bh4 Rd7 24. e5 Qb6 25. exd6 Qxb2 26. Ne5 Nxe5 27. fxe5 Qxc3 28. Be7 Qe3+ 29. Kh1 Qxe5 30. Bxf8 Qxd5 31. Rxd5 Kxf8 32. Rxc5 Bd4 33. Rc7 Rxd6 34. Rfxf7+ Ke8 35. Rfe7+ Kd8 36. Rxb7 Bf6 37. Rf7 Rd1+ 38. Kh2 Be5+ 39. g3 Rd2+ 40. Kg1 Kc8 41. Ra7 Bd4+ 42. Kf1 Bxa7 43. Rxa7 Rd6 44. Rh7 h5 45. h4 Rd3 46. Kf2 Rd4 47. Rg7 Rg4 0-1


[Site "https://www.chess.com"]

[Event "Titled Tuesday Blitz February 21 Late 2023"]
[White "Pissama Ntsaou, Martial"]
[Black "Rian, Kapriaga"]
[WhiteFideId "17400864"]
[BlackFideId "7103263"]
[WhiteElo "1430"]
[BlackElo "2089"]
[Result "0-1"]
[Round "11"]
[TimeControl "180+2"]
[Date "2023.02.21"]
[WhiteClock "0:00:11"]
[BlackClock "0:00:05"]

1. e4 c6 2. d4 d5 3. e5 Bf5 4. Nd2 e6 5. Nb3 Nd7 6. Nf3 h6 7. Be2 Ne7 8. O-O a6 9. a4 Rc8 10. Ne1 Bh7 11. a5 c5 12. c3 cxd4 13. cxd4 Nc6 14. Bd2 Be7 15. Nd3 O-O 16. f4 Qc7 17. Rc1 Qb8 18. g4 Qa7 19. Be3 Nb4 20. f5 Nxd3 21. Bxd3 Bg5 22. Qd2 Bxe3+ 23. Qxe3 exf5 24. gxf5 Rfe8 25. Qg3 Rxc1 26. Rxc1 Kh8 27. Rc7 Nxe5 28. Nc5 Nxd3 29. Qxd3 Qb8 30. Rxf7 Qf4 31. Kg2 Qg4+ 32. Qg3 Re2+ 33. Kg1 Qxd4+ 34. Kf1 Qd1+ 0-1


[Site "https://www.chess.com"]

[Event "Titled Tuesday Blitz February 21 Late 2023"]
[White "Kostiukov, Alexandr"]
[Black "Torres Dominguez, David"]
[WhiteFideId "14108100"]
[BlackFideId "2220857"]
[WhiteElo "2271"]
[BlackElo "1994"]
[Result "1-0"]
[Round "11"]
[TimeControl "180+2"]
[Date "2023.02.21"]
[WhiteClock "0:00:09"]
[BlackClock "0:00:09"]

1. g3 e5 2. c4 Nc6 3. Bg2 f5 4. Nc3 Nf6 5. Nf3 e4 6. Ng5 Be7 7. O-O O-O 8. d3 d5 9. cxd5 Nxd5 10. Nxd5 Qxd5 11. dxe4 Qxd1 12. Rxd1 h6 13. Nh3 fxe4 14. Nf4 Bc5 15. Bxe4 Bg4 16. Bf3 Bxf3 17. exf3 Nd4 18. Kg2 g5 19. Rxd4 Bxd4 20. Ne6 Rad8 21. Nxf8 Kxf8 22. h4 Bf6 23. hxg5 hxg5 24. Be3 Bxb2 25. Rb1 Be5 26. Rxb7 a5 27. Bxg5 Rd5 28. Be3 Rd3 29. f4 Bd6 30. Kf3 Ra3 31. Rb2 a4 32. Rc2 Kf7 33. Ke4 Ke7 34. Bc1 Kd7 35. Bxa3 Bxa3 36. g4 Be7 37. g5 a3 38. g6 Ke6 39. f5+ Kf6 40. f4 Bd6 41. Rh2 Kg7 42. Rh7+ Kf6 43. Rf7# 1-0


[Site "https://www.chess.com"]

[Event "Titled Tuesday Blitz February 21 Late 2023"]
[White "Calcada, Lucas Galvan"]
[Black "Melikhov, Evgeny V."]
[WhiteFideId "22746099"]
[BlackFideId "4122046"]
[WhiteElo "1739"]
[BlackElo "2269"]
[Result "0-1"]
[Round "11"]
[TimeControl "180+2"]
[Date "2023.02.21"]
[WhiteClock "0:02:23"]
[BlackClock "0:01:56"]

1. e4 c5 2. Nf3 d6 3. d4 cxd4 4. Nxd4 Nf6 5. Nc3 a6 6. Be3 e5 7. Nb3 Be6 8. f3 Be7 9. Qd2 O-O 10. O-O-O Nbd7 11. Kb1 b5 12. g4 Qc7 13. Nd5 Bxd5 14. exd5 a5 15. Bxb5 a4 16. Nc1 Rfb8 17. Bd3 Nc5 18. h4 Qb7 19. Qc3 Nxd5 20. Qa3 Nxe3 21. Rde1 Nd5 0-1


[Site "https://www.chess.com"]

[Event "Titled Tuesday Blitz February 21 Late 2023"]
[White "Dias, Joao Batista"]
[Black "Fajdetic, Hrvoje"]
[WhiteFideId "2108240"]
[BlackFideId "14501945"]
[WhiteElo "1796"]
[BlackElo "2151"]
[Result "1-0"]
[Round "11"]
[TimeControl "180+2"]
[Date "2023.02.21"]
[WhiteClock "0:01:12"]
[BlackClock "0:00:01"]

1. e4 c5 2. Nf3 a6 3. d4 cxd4 4. Nxd4 Nf6 5. Nc3 e5 6. Nb3 Bb4 7. f3 Bxc3+ 8. bxc3 d5 9. exd5 Qxd5 10. Qxd5 Nxd5 11. c4 Nb4 12. Kd2 O-O 13. a3 Rd8+ 14. Kc3 N4c6 15. Bd3 Nd7 16. Be3 Nf8 17. Rad1 Be6 18. Bb6 Rdc8 19. Nc5 Ne7 20. Nxe6 Nxe6 21. Be4 Nc6 22. Rd7 Rab8 23. g3 Ned4 24. Bd5 Ne6 25. Re1 Re8 26. a4 h5 27. a5 h4 28. Re2 Ncd4 29. Rxe5 Nc6 30. Rf5 Rf8 31. gxh4 Rbe8 32. h5 Rb8 33. h4 Ncd8 34. h6 gxh6 35. Rf6 Kg7 36. Rxe6 Nxe6 37. Bxe6 Rbc8 38. Bd5 1-0


[Site "https://www.chess.com"]

[Event "Titled Tuesday Blitz February 21 Late 2023"]
[White "Eckert, Doug"]
[Black "Desideri, Ricardo Maruchi"]
[WhiteFideId "2001993"]
[BlackFideId "2110440"]
[WhiteElo "2075"]
[BlackElo "1959"]
[Result "1-0"]
[Round "11"]
[TimeControl "180+2"]
[Date "2023.02.21"]
[WhiteClock "0:00:53"]
[BlackClock "0:00:01"]

1. d4 Nf6 2. c4 c5 3. d5 e6 4. Nc3 exd5 5. cxd5 d6 6. Nf3 g6 7. h3 Bg7 8. e4 O-O 9. Be3 a6 10. a4 Re8 11. Nd2 Nbd7 12. Be2 Qe7 13. O-O Qf8 14. Qc2 Rb8 15. Rae1 b6 16. Bf4 Ne5 17. Bh2 c4 18. f4 Nd3 19. Bxd3 cxd3 20. Qxd3 b5 21. axb5 axb5 22. e5 Nd7 23. e6 fxe6 24. dxe6 Nc5 25. Qd5 Bxe6 26. Rxe6 Rxe6 27. b4 Re8 28. bxc5 Bxc3 29. Ne4 Bd4+ 30. Kh1 Bxc5 31. Ng5 Qf5 32. Qb3 Kg7 33. Nxe6+ Qxe6 34. Qxb5 Qe2 35. Qxe2 Rxe2 36. Bg3 d5 37. Rc1 Be7 38. Rd1 Re3 39. Kh2 Re4 40. Rxd5 h5 41. f5 1-0


[Site "https://www.chess.com"]

[Event "Titled Tuesday Blitz February 21 Late 2023"]
[White "Gamboa, Juan Pablo"]
[Black "Better_Chess_Faster"]
[WhiteFideId "105180"]
[WhiteElo "2224"]
[BlackElo "1982"]
[Result "0-1"]
[Round "11"]
[TimeControl "180+2"]
[Date "2023.02.21"]
[WhiteClock "0:00:18"]
[BlackClock "0:01:15"]

1. c4 e5 2. Nc3 Bb4 3. Nd5 Be7 4. Nf3 c6 5. Nxe7 Qxe7 6. d3 Nf6 7. e3 d5 8. cxd5 cxd5 9. Be2 Nc6 10. O-O O-O 11. a3 a5 12. b3 e4 13. dxe4 dxe4 14. Nd4 Ne5 15. Bb2 Bg4 16. Bxg4 Nexg4 17. Nf5 Qc7 18. Ng3 Rad8 19. Qe2 Ne5 20. Rac1 Qe7 21. Nf5 Qe6 22. Nd4 Qb6 23. Rc3 Nd3 24. Ba1 Rfe8 25. Rd1 h6 26. h3 Nc5 27. Nf5 Rxd1+ 28. Qxd1 Rd8 29. Qc2 Nd3 30. Rc8 Rxc8 31. Qxc8+ Kh7 32. Ne7 h5 33. Bxf6 Qxf6 34. Qg8+ Kh6 35. Qh8+ Kg5 36. f4+ exf3 37. h4+ Kxh4 38. g3+ Kxg3 39. Qxh5 Qa1# 0-1


[Site "https://www.chess.com"]

[Event "Titled Tuesday Blitz February 21 Late 2023"]
[White "Kohler, Aran"]
[Black "Romero Ruscalleda, Josep"]
[WhiteFideId "1002856"]
[BlackFideId "2231859"]
[WhiteElo "2010"]
[BlackElo "2160"]
[Result "0-1"]
[Round "11"]
[TimeControl "180+2"]
[Date "2023.02.21"]
[WhiteClock "0:00:02"]
[BlackClock "0:00:20"]

1. e4 g6 2. d4 Bg7 3. Nc3 d6 4. Be3 a6 5. h4 h5 6. f3 b5 7. Qd2 Nd7 8. O-O-O Bb7 9. Bd3 Rc8 10. Nh3 c5 11. dxc5 Nxc5 12. Bxc5 Rxc5 13. Ne2 Nf6 14. Kb1 Nd7 15. Ng5 Ne5 16. Nf4 Qc8 17. c3 a5 18. Rc1 O-O 19. Be2 Nc4 20. Bxc4 Rxc4 21. Rhd1 Qc5 22. Nd5 Re8 23. Ne3 Ra4 24. b3 Ra3 25. Nc2 a4 26. Nxa3 Qxa3 27. Qb2 Qc5 28. b4 Qc4 29. Qd2 Rc8 30. a3 Qb3+ 31. Qb2 Rxc3 0-1


[Site "https://www.chess.com"]

[Event "Titled Tuesday Blitz February 21 Late 2023"]
[White "Roman, Rodrigo"]
[Black "Oliveira, Tiago Batista"]
[WhiteFideId "3701220"]
[BlackFideId "2108291"]
[WhiteElo "2058"]
[BlackElo "1991"]
[Result "0-1"]
[Round "11"]
[TimeControl "180+2"]
[Date "2023.02.21"]
[WhiteClock "0:02:13"]
[BlackClock "0:01:52"]

1. e4 c5 2. Nf3 Nc6 3. d4 cxd4 4. Nxd4 Nf6 5. Nc3 d6 6. Bg5 e6 7. Qd2 Be7 8. O-O-O Nxd4 9. Qxd4 O-O 10. h4 Qa5 11. f3 a6 12. Qa4 Qc7 13. g4 Bd7 14. Qd4 Rfd8 15. Bc4 b5 16. Bb3 a5 17. a4 bxa4 18. Nxa4 Rab8 19. Kb1 Rb4 20. Qd2 Bxa4 21. c3 Rxb3 0-1


[Site "https://www.chess.com"]

[Event "Titled Tuesday Blitz February 21 Late 2023"]
[White "Vargas, Mauricio"]
[Black "Jesusesmifuerza"]
[WhiteFideId "4404572"]
[WhiteElo "2035"]
[BlackElo "2009"]
[Result "1-0"]
[Round "11"]
[TimeControl "180+2"]
[Date "2023.02.21"]
[WhiteClock "0:00:44"]
[BlackClock "0:00:37"]

1. e4 c5 2. Nc3 e6 3. f4 d5 4. e5 h5 5. Nf3 Nh6 6. Bb5+ Bd7 7. Be2 Nc6 8. O-O Nf5 9. d3 h4 10. h3 Be7 11. Qe1 Rc8 12. Nd1 Ncd4 13. Nxd4 cxd4 14. c4 dxc3 15. Nxc3 Bc5+ 16. Kh2 Ng3 17. Rf3 Bc6 18. a3 d4 19. Ne4 Bxe4 20. dxe4 Nxe4 21. Bb5+ Kf8 22. Qxe4 Rc7 23. f5 a6 24. Bd3 Ke7 25. fxe6 fxe6 26. Bg5+ 1-0


[Site "https://www.chess.com"]